Description

4:30 2 medivac drop with stim

Replay - Orpheus - Magannatha LE

Build Order

Get SALT Encoding   

  12  0:00  SCV  
  13  0:17  SCV  
  14  0:25  Supply Depot  
  14  0:34  SCV  
  15  0:55  SCV  
  15  0:58  Barracks  
  16  1:04  Refinery  
  16  1:12  SCV  
  17  1:29  SCV  
  18  1:46  SCV  
  19  2:03  Orbital Command  
  19  2:17  Command Center  
  19  2:32  Barracks  
  19  2:40  Barracks Reactor  
  19  2:50  Supply Depot  
  19  2:57  SCV  
  20  3:15  Refinery  
  20  3:24  SCV  
  20  3:26  Factory  
  21  3:34  Marine x2  
  23  3:45  SCV  
  24  3:50  Barracks Tech Lab  
  24  4:00  Marine x2  
  28  4:12  Stimpack  
  28  4:15  Marine  
  29  4:25  Marine  
  29  4:29  Starport, Factory Reactor  
  30  4:42  Marine x2  
  30  4:48  Orbital Command  
  32  4:52  Marine  
  34  5:16  Marine, Supply Depot  
  36  5:36  Medivac x2  
  42  5:48  Factory Tech Lab  
  45  5:58  Supply Depot  
  47  6:15  Siege Tank  
  57  6:55  Medivac  
  61  7:02  Supply Depot  
  61  7:06  Refinery  
  62  7:35  Siege Tank  
  69  8:02  Command Center  
  69  8:11  Engineering Bay  
  63  8:47  Siege Tank  
  66  8:53  Terran Infantry Weapons Level 1  
  67  9:03  Barracks x3  
  72  9:31  Refinery  
  72  9:32  Siege Tank  
  75  9:57  Medivac  
Spawning Tool Build Advisor. Get it on Overwolf

Go to:

Details

  • Created by: zaqxsw33_8@hotmail.com
  • Published on: Jul 29, 2025
  • Modified on: Jul 29, 2025
  • Patch: 5.0.11
  • Difficulty: Medium
Show
View Real Time Build Order
Export as new Build Order

Comments (0)

There are no comments. Be the first!

Create an account to comment!